 Dungeon Crawl Stone Soup version 0.31-a0-121-g1e386dd289 (webtiles) character file.

Game seed: 16192821904783211752

252 erloom the Ruffian (level 5, -2/40 HPs)
             Began as a Draconian Transmuter on May 31, 2023.
             Killed from afar by Sigmund (7 damage)
             ... with a puff of flame
             ... on level 2 of the Dungeon.
             The game lasted 00:06:08 (3857 turns).

erloom the Ruffian (Draconian Transmuter)           Turns: 3857, Time: 00:06:09

Health: -2/40      AC:  5    Str: 18    XL:     5   Next: 89%
Magic:  9/9        EV: 12    Int: 16    God:
Gold:   184        SH:  0    Dex: 17    Spells: 5/9 levels left

rFire   . .          .
                       - Unarmed
rCold   . . .        (no shield)
rNeg    . . .        (body armour unavailable)
rPois   .            (helmet restricted)
rElec   .            (no cloak)
rCorr   .            (no gloves)
SInv    .            (no boots)
Will    .....        (no amulet)
Stlth   ++           d - +6 ring of strength
HPRegen 0.26/turn    k - +6 ring of dexterity
MPRegen 0.11/turn

%: no passive effects
@: on berserk cooldown, slowed, very slow
A: AC +5, unfitting armour, cold-blooded
a: no special abilities


You were on level 2 of the Dungeon.
You visited 1 branch of the dungeon, and saw 4 of its levels.

You collected 184 gold pieces.

Inventory:

Armour
 e - a +0 buckler
Magical Staves
 m - a staff of cold
Jewellery
 d - a +6 ring of strength (left hand)
 f - an amulet of faith
 k - a +6 ring of dexterity (right hand)
 t - an amulet of magic regeneration
Wands
 a - a wand of charming (5)
Scrolls
 b - 3 scrolls of enchant armour {unknown}
 c - 3 scrolls of teleportation {unknown}
 h - 2 scrolls of identify {unknown}
 n - 4 scrolls of immolation {unknown}
 o - a scroll of enchant weapon {unknown}
 q - a scroll of magic mapping {unknown}
 r - 3 scrolls of acquirement {unknown}
Potions
 g - 2 potions of curing
 i - a potion of degeneration {unknown}
 l - a potion of brilliance {unknown}
 p - a potion of magic {unknown}
 s - a potion of ambrosia {unknown}


   Skills:
 - Level 1.1 Fighting
 - Level 1.7 Dodging
 + Level 1.8 Stealth
 - Level 5.0 Unarmed Combat
 + Level 2.8 Spellcasting
 + Level 2.9 Transmutations
 + Level 1.8 Poison Magic


You had 5 spell levels left.
You knew the following spells:

 Your Spells              Type           Power      Damage    Failure   Level
a - Beastly Appendage     Tmut           22%        N/A       6%          1
b - Spider Form           Tmut/Pois      9%         N/A       22%         3

Your spell library contained the following spells:

 Spells                   Type           Power      Damage    Failure   Level
 Wereblood                Tmut           11%        N/A       9%          2
 Passwall                 Tmut/Erth      5%         N/A       16%         2
 Ensorcelled Hibernation  Hex/Ice        4%         N/A       28%         2
 Swiftness                Air            2%         N/A       50%         3
 Ice Form                 Ice/Tmut       6%         N/A       71%         4


Dungeon Overview and Level Annotations

Branches:
Dungeon (4/15)
 Temple: D:4-7

Altars:
Uskayaw
The Shining One

Annotations:
D:2 Sigmund, Terence


Innate Abilities, Weirdness & Mutations

Your plain brown scales are hard. (AC +5)
You cannot fit into any form of body armour.
You are cold-blooded and may be slowed by cold attacks.


Message History

You hear some strange, mumbled words.
You are confused.
You punch something!
You bump into the rock wall.
Something hits you. Something burns you.
You barely miss something. You completely miss something.
You hear some strange, mumbled words.
Something tries to affect you, but you resist.
You bump into the rock wall.
Something hits you! Something burns you.
You bump into the rock wall.
You feel a strong urge to attack something.
You are no longer berserk.
You are exhausted.
You feel yourself slow down.
You bump into the rock wall.
You feel less confused. Something hits you. Something burns you.
You hit something.
You hear some strange, mumbled words.
A puff of flame appears from out of thin air!
The puff of flame hits you.
You barely miss something.
You hear a zap.
A puff of flame appears from out of thin air!
The puff of flame hits you!
You miss something.
Your tail-slap misses something.
You hear a zap.
A puff of flame appears from out of thin air!
The puff of flame hits you.
* * * LOW HITPOINT WARNING * * *
Something hits you.
* * * LOW HITPOINT WARNING * * *
Something burns you.
* * * LOW HITPOINT WARNING * * *
You hit something. Something hits you but does no damage.
You hit something.
You hear a zap.
A puff of flame appears from out of thin air!
The puff of flame hits you!
You die...

# #.. ...#
### #..# #.#
@.# ..# # .#
#.# ..# #.#
# #.# #.#
#.' #.# ..#
# #.# #.# .#
#.# #{## .#
#(#
#@.##'##.
#.####
#........
†....#
#.......#
.....#
#.#######
###..# #.#
#..# #.#
###..######.
#.#
............
#.#
###..#######
#.#


There were no monsters in sight!

Vanquished Creatures
  A scorpion (D:3)
  An orc priest (D:4)
  Ijyb (D:4)
  2 adders (D:3)
  3 worms
  A dart slug (D:3)
  9 orcs
  4 bats
  5 endoplasms
  4 giant cockroaches
  9 goblins
  14 hobgoblins
  4 jackals (D:4)
  8 kobolds
  3 quokkas
  8 ball pythons
  6 frilled lizards
  11 rats
94 creatures vanquished.

Notes
Turn   | Place    | Note
-------+----------+-------------------------------------------
     0 | D:1      | erloom the Draconian Transmuter began the quest for the
                  | Orb.
     0 | D:1      | Reached XP level 1. HP: 16/16 MP: 3/3
   241 | D:1      | Reached XP level 2. HP: 16/23 MP: 5/5
   381 | D:1      | Reached skill level 4 in Unarmed Combat
   599 | D:1      | Reached XP level 3. HP: 22/28 MP: 6/6
  1089 | D:2      | Noticed Terence
  1380 | D:2      | Noticed Sigmund
  1579 | D:3      | Reached XP level 4. HP: 35/35 MP: 5/7
  1593 | D:3      | Reached skill level 5 in Unarmed Combat
  1603 | D:3      | Learned a level 3 spell: Spider Form
  2342 | D:4      | Reached skill level 1 in Stealth
  2342 | D:4      | Reached skill level 1 in Poison Magic
  2342 | D:4      | Reached XP level 5. HP: 6/40 MP: 8/8
  2835 | D:3      | HP: 3/60 [poisoned by a scorpion]
  3299 | D:4      | Found a hide-covered altar of Uskayaw.
  3301 | D:4      | Found a glowing golden altar of the Shining One.
  3331 | D:4      | Noticed Ijyb
  3357 | D:4      | Killed Ijyb
  3857 | D:2      | Killed from afar by Sigmund

Illustrated notes

Levels and vault maps discovered:
D:1:      reono_arrival_mine, layout_basic
D:2:      layout_loops_ring, minmay_box_of_dots, uniq_terence, uniq_sigmund
D:3:      minmay_skewed_foursquare, layout_rooms, grunt_ministairs_2,
          minmay_misc_feat_four_crosses
D:4:      layout_basic, jmf_multi_god_temple, uniq_ijyb

Skill      XL: |  1  2  3  4 |
---------------+-------------+-----
Unarmed Combat | 4 5 |  5.0
Stealth        | 1 |  1.8
Poison Magic   | 1 |  1.8
Fighting       | |  1.1
Dodging        | |  1.7
Spellcasting   | |  2.8
Transmutations | |  2.9

Action                     |  1- 3 |  4- 6 || total
---------------------------+-------+-------++-------
  Melee: Unarmed           |   129 |   163 ||   292
         Tailslap          |    11 |    19 ||    30
         Punch             |     1 |       ||     1
         Kick              |     4 |    14 ||    18
         Headbutt          |     2 |     5 ||     7
   Cast: Beastly Appendage |     2 |     9 ||    11
    Use: Potion            |       |     5 ||     5
   Stab: Sleeping          |     4 |     1 ||     5
         Distracted        |       |     1 ||     1
 Armour: Skin              |    22 |    44 ||    66
  Dodge: Dodged            |    77 |    80 ||   157
  Block: Buckler           |     8 |    32 ||    40

Table legend: (Time is in decaauts)
 A = Elapsed time spent in this place.
 B = Non-inter-level travel time spent in this place.
 C = Inter-level travel time spent in this place.
 D = Time resting spent in this place.
 E = Time spent auto-exploring this place.
 F = Levels seen in this place.
 G = Mean time per level.
                   A        B        C        D        E       F      G
               +--------+--------+--------+--------+--------+-----+--------+
         Total |   3839 |   3715 |    124 |    897 |   1859 |   4 |  959.8 |
       Dungeon |   3839 |   3715 |    124 |    897 |   1859 |   4 |  959.8 |
               +--------+--------+--------+--------+--------+-----+--------+

Top non-repeatable levels by time:
     D:4: 1269 daAuts
     D:3: 1055 daAuts
     D:1: 788 daAuts
     D:2: 725 daAuts
